 Dungeon Crawl Stone Soup version 0.28.0-47-ge53b351184 (webtiles) character file.

Game seed: 9494402563587957250

4 GigaChad the Skirmisher (level 1, -1/20 HPs)
             Began as a Minotaur Berserker on May 6, 2022.
             Was a Follower of Trog.
             Slain by a goblin
             ... wielding a +0 dagger
              (3 damage)
             ... on level 1 of the Dungeon on May 7, 2022.
             The game lasted 00:00:24 (157 turns).

GigaChad the Skirmisher (Minotaur Berserker)         Turns: 157, Time: 00:00:25

Health: -1/20      AC:  2    Str: 21    XL:     1   Next: 50%
Magic:  0/0        EV: 12    Int:  4    God:    Trog [*.....]
Gold:   25         SH:  0    Dex:  9    Spells: 0/0 levels left

rFire   . . .      SeeInvis .   a - +0 falchion
rCold   . . .      Faith    .   (no shield)
rNeg    . . .      Spirit   .   b - +0 animal skin
rPois   .          Reflect  .   (helmet restricted)
rElec   .          Harm     .   (no cloak)
rCorr   .          Rampage  .   (no gloves)
Will    .....                   (no boots)
Stlth   +.........              (no amulet)
HPRegen 0.06/turn               (no ring)
MPRegen 0.07/turn               (no ring)

@: no status effects
A: horns 2, retaliatory headbutt
a: Renounce Religion, Berserk


You were on level 1 of the Dungeon.
You worshipped Trog.
Trog was aware of your devotion.
You visited 1 branch of the dungeon, and saw 1 of its levels.

You collected 25 gold pieces.

Inventory:

Hand Weapons
 a - a +0 falchion (weapon)
Armour
 b - a +0 animal skin (worn)
Jewellery
 e - a ring of protection from fire
Scrolls
 c - a scroll of identify {unknown}
 d - a scroll of fear {unknown}
 f - a scroll of immolation {unknown}


   Skills:
 + Level 3.8 Fighting
 + Level 3.7 Long Blades
 + Level 2.4 Armour
 + Level 2.2 Dodging


You couldn't memorise any spells.
You didn't know any spells.
Your spell library was empty.

Dungeon Overview and Level Annotations

Branches:
Dungeon (1/15)

Altars:


Innate Abilities, Weirdness & Mutations

You have a pair of horns on your head.
You reflexively headbutt those who attack you in melee.


Message History

You hit the endoplasm.
You kill the endoplasm!
Trog accepts your kill.
Found a scroll labelled TILIEKHL ITHRAM.
e - a ring of protection from fire You see here a +0 dagger.
A rat comes into view.
You see here a scroll labelled TILIEKHL ITHRAM.
f - a scroll labelled TILIEKHL ITHRAM You completely miss the rat.
You headbutt the rat, but do no damage. The rat bites you.
You hit the rat.
You kill the rat!
Trog accepts your kill.
Found a robe.
You now have 25 gold pieces (gained 13).
A goblin comes into view. It is wielding a +0 dagger.
A goblin is nearby!
You closely miss the goblin. The goblin hits you with a +0 dagger.
You closely miss the goblin. The goblin hits you with a +0 dagger.
You barely miss the goblin. The goblin closely misses you.
The goblin hits you but does no damage.
You barely miss the goblin. The goblin hits you with a +0 dagger.
You closely miss the goblin. The goblin hits you with a +0 dagger.
You miss the goblin. The goblin hits you with a +0 dagger.
You hit the goblin.
The goblin is heavily wounded.
The goblin hits you with a +0 dagger.
You hit the goblin but do no damage.
The goblin is heavily wounded.
The goblin hits you with a +0 dagger.
* * * LOW HITPOINT WARNING * * *
You closely miss the goblin. Your headbutt misses the goblin.
The goblin is heavily wounded.
The goblin hits you with a +0 dagger.
* * * LOW HITPOINT WARNING * * *
You closely miss the goblin. Your headbutt misses the goblin.
The goblin is heavily wounded.
The goblin hits you with a +0 dagger.
You die...

#.# ##.## ....#
... ... #.# #g#
#@# ####.# #....#
#.#### #.# #...
..# #.# #..###
##.# #.# #..#.##
...# #.# #.....#
#..#
#.##########....#


You could see a goblin.

Vanquished Creatures
  An endoplasm (D:1)
  A goblin (D:1)
  A bat (D:1)
  A rat (D:1)
4 creatures vanquished.

Notes
Turn   | Place    | Note
-------+----------+-------------------------------------------
     0 | D:1      | GigaChad the Minotaur Berserker began the quest for the
                  | Orb.
     0 | D:1      | Reached XP level 1. HP: 19/19 MP: 0/0
   157 | D:1      | Slain by a goblin

Illustrated notes

Levels and vault maps discovered:
D:1:      giann_forest_graveyard, layout_loops_ring, nrook_campfire,
          minmay_misc_feat_five

Action                   || total
-------------------------++-------
Melee: Falchion          ||    17
       Headbutt          ||     2
Armor: Animal skin       ||     3
Dodge: Dodged            ||     4
